 Dungeon Crawl Stone Soup version 0.29-a0-757-g358383bc75 (webtiles) character file.

Game seed: 10768259312046153699

38 coolguy69 the Cutter (level 3, -8/20 HPs)
             Began as a Vine Stalker Monk on July 1, 2022.
             Mangled by a gnoll
             ... wielding a +0 spear
              (11 damage)
             ... on level 2 of the Dungeon.
             The game lasted 00:01:14 (1769 turns).

coolguy69 the Cutter (Vine Stalker Monk)            Turns: 1769, Time: 00:01:15

Health: -8/20      AC:  2    Str: 13    XL:     3   Next: 43%
Magic:  0/4        EV: 12    Int: 10    God:
Gold:   69         SH:  4    Dex: 18    Spells: 2/2 levels left

rFire   . . .      SeeInvis .   j - +0 dagger (venom)
rCold   . . .      Faith    .   k - +0 buckler
rNeg    . . .      Spirit   +   b - +0 robe
rPois   .          Reflect  .   (no helmet)
rElec   .          Harm     .   (no cloak)
rCorr   .          Rampage  .   (no gloves)
Will    .....                   (no boots)
Stlth   ++........              (no amulet)
HPRegen 0.06/turn               (no ring)
MPRegen 0.09/turn               (no ring)

@: no status effects
A: fangs 2, magic shield, antimagic bite, no potion heal 2
a: no special abilities


You were on level 2 of the Dungeon.
You visited 1 branch of the dungeon, and saw 2 of its levels.

You collected 69 gold pieces.

Inventory:

Hand Weapons
 a - a +0 short sword
 j - a +0 dagger of venom (weapon)
Armour
 b - a +0 robe (worn)
 k - a +0 buckler (worn)
Scrolls
 e - 4 scrolls of identify {unknown}
 f - a scroll of noise {unknown}
 l - a scroll of vulnerability {unknown}
 n - a scroll of fear {unknown}
 o - 2 scrolls of teleportation {unknown}
 p - a scroll of brand weapon {unknown}
 q - a scroll of blinking {unknown}
Potions
 c - 3 potions of ambrosia
 d - a potion of lignification {unknown}
 g - a potion of curing {unknown}
 h - 2 potions of heal wounds {unknown}
 i - 2 potions of resistance {unknown}
 m - a potion of magic {unknown}


   Skills:
 + Level 3.1 Fighting
 + Level 3.2 Short Blades
 + Level 2.8 Dodging
 + Level 2.7 Stealth


You had 2 spell levels left.
You didn't know any spells.
Your spell library was empty.

Dungeon Overview and Level Annotations

Branches:
Dungeon (2/15)

Altars:

Shops:
D:2 [


Innate Abilities, Weirdness & Mutations

You have extremely sharp teeth.
When hurt, damage is shared between your health and your magic reserves.
Your bite disrupts and absorbs the magic of your enemies.
Potions cannot restore your health.


Message History

You barely miss the adder. Your bite misses the adder.
The adder is severely wounded.
You feel sick.
You kill the adder!
No target in view!
No target in view!
No target in view!
You feel sick.
You feel sick.
You feel sick.
You feel sick.
You are no longer poisoned.
A gnoll comes into view. It is wielding a +0 spear.
You are too injured to fight recklessly!
A gnoll is nearby!
You are too injured to fight recklessly!
A gnoll is nearby!
You are too injured to fight recklessly!
A gnoll is nearby!
You are too injured to fight recklessly!
You are too injured to fight recklessly!
You see here a jackal corpse.
There is a stone staircase leading up here.
A gnoll comes into view. It is wielding a +0 flail.
The gnoll shouts!
You hear a shout!
A gnoll comes into view. It is wielding a +0 flail.
The gnoll drinks a potion.
The gnoll seems to grow stronger.
You hit the gnoll. Your bite misses the gnoll.
The gnoll is lightly wounded.
The gnoll hits you with a +0 spear!
* * * LOW HITPOINT WARNING * * *
You hit the gnoll but do no damage.
The gnoll is poisoned.
Your bite misses the gnoll.
The gnoll is lightly wounded.
The gnoll closely misses you.
You hit the gnoll but do no damage.
The gnoll looks even sicker.
The gnoll is lightly wounded.
The gnoll hits you with a +0 spear!
Ouch! That really hurt!
You die...

##.# #.#.####.#.#### ...# #.#.#
#.#.# #..# #.#.# #.#.# #).# #.#.#
#.#.# ##### #..####...# ##.#.#
#####.... ...†.....## #...(#
#........ #..#####.# #..###
####.###.#.. #.#.## #.#
#..#######........... .###.# #.#
#...@gg.g.........#..
..#.####.####.########.##.##.)..#
...###........# #.##.##..#.# .###
#.#........ #.##<##....#
..####<######### #.##g##..#†#
#......# #.##.##...#. ..######
#.##.##.##!# .## #.##........ .#
#.#####.##.#


You could see 3 gnolls.

Vanquished Creatures
  An adder (D:2)
  A dart slug (D:1)
  3 ball pythons
  2 endoplasms (D:1)
  3 goblins (D:1)
  3 hobgoblins
  A jackal (D:2)
  4 kobolds
  2 quokkas (D:1)
  A bat (D:1)
  4 rats
25 creatures vanquished.

Notes
Turn   | Place    | Note
-------+----------+-------------------------------------------
     0 | D:1      | coolguy69 the Vine Stalker Monk began the quest for the
                  | Orb.
     0 | D:1      | Reached XP level 1. HP: 11/11 MP: 2/2
   557 | D:1      | Reached XP level 2. HP: 16/16 MP: 3/3
  1531 | D:2      | Found Gumus's Antique Armour Boutique.
  1548 | D:2      | Reached XP level 3. HP: 20/20 MP: 4/4
  1769 | D:2      | Mangled by a gnoll

Illustrated notes

Levels and vault maps discovered:
D:1:      matt_arrival_grand_opening, layout_basic, minmay_octomino_c4
D:2:      layout_loops_ring, serial_shops, nicolae_diamond_shop, uniq_natasha

Skill      XL: |  1  2 |
---------------+-------+-----
Short Blades   | 3 |  3.2
Fighting       | 3 |  3.1
Dodging        | |  2.8
Stealth        | |  2.7

Action                   || total
-------------------------++-------
Melee: Short sword       ||    25
       Bite              ||    13
       Dagger            ||    32
 Stab: Sleeping          ||     2
Armor: Robe              ||     2
Dodge: Dodged            ||    26
Block: Buckler           ||     2

Table legend: (Time is in decaauts)
 A = Elapsed time spent in this place.
 B = Non-inter-level travel time spent in this place.
 C = Inter-level travel time spent in this place.
 D = Time resting spent in this place.
 E = Time spent auto-exploring this place.
 F = Levels seen in this place.
 G = Mean time per level.
                   A        B        C        D        E       F      G
               +--------+--------+--------+--------+--------+-----+--------+
         Total |   1763 |   1754 |      9 |    256 |   1324 |   2 |  881.5 |
       Dungeon |   1763 |   1754 |      9 |    256 |   1324 |   2 |  881.5 |
               +--------+--------+--------+--------+--------+-----+--------+

Top non-repeatable levels by time:
     D:1: 1437 daAuts
     D:2: 326 daAuts
